 Dungeon Crawl Stone Soup version 0.31-a0-968-g24f9ace8b5 (webtiles) character file.

Game seed: 10476840903524520694

473 senseless the Trooper (level 6, -1/52 HPs)
             Began as a Demigod Fighter on Oct 27, 2023.
             Slain by a gnoll
             ... wielding a +0 halberd
             ... led by a gnoll bouda
              (8 damage)
             ... on level 5 of the Dungeon.
             The game lasted 00:07:34 (3718 turns).

senseless the Trooper (Demigod Fighter)             Turns: 3718, Time: 00:07:35

Health: -1/52      AC:  8    Str: 25    XL:     6   Next: 53%
Magic:  17/17      EV:  8    Int: 10    God:
Gold:   130        SH: 14    Dex: 19    Spells: 5/5 levels left

rFire   . . .        a - +0 war axe
rCold   . . .        h - +0 tower shield
rNeg    . . .        i - +3 ring mail
rPois   .            (no helmet)
rElec   .            (no cloak)
rCorr   .            (no gloves)
SInv    .            (no boots)
Will    .....        (no amulet)
Stlth   +            g - ring of magical power
HPRegen 0.28/turn    m - +6 ring of dexterity
MPRegen 0.15/turn

%: no passive effects
@: no status effects
A: high MP 1, forlorn, divine attributes
a: no special abilities


You were on level 5 of the Dungeon.
You visited 1 branch of the dungeon, and saw 5 of its levels.

You collected 130 gold pieces.

Inventory:

Hand Weapons
 a - a +0 war axe (weapon)
Missiles
 e - 9 poisoned darts (quivered)
Armour
 h - a +0 tower shield (worn)
 i - a +3 ring mail (worn)
 o - a +0 plate armour
Jewellery
 g - a ring of magical power (left hand)
 m - a +6 ring of dexterity (right hand)
Talismans
 f - a flux talisman
Wands
 j - a wand of polymorph (7)
Scrolls
 c - 2 scrolls of teleportation
 n - 2 scrolls of blinking
 q - a scroll of identify
Potions
 d - a potion of might
 k - a potion of curing
 l - 2 potions of heal wounds
 p - a potion of haste


   Skills:
 + Level 4.2 Fighting
 + Level 3.6 Axes
 + Level 4.1 Armour
 + Level 4.2 Shields


You had 5 spell levels left.
You didn't know any spells.
Your spell library contained the following spells:

 Spells                   Type           Power      Damage    Failure   Level
 Freeze                   Ice            0%         1d3       96%         1
 Frozen Ramparts          Ice            0%         1d1       100%        3
 Hailstorm                Conj/Ice       0%         3d3       100%        3


Dungeon Overview and Level Annotations

Branches:
Dungeon (5/15)
 Temple: D:4-7


Innate Abilities, Weirdness & Mutations

You have an increased reservoir of magic. (+10% MP)
You shall have no god before yourself.
Your divine heritage dramatically boosts your attributes as you level up.


Message History

The gnoll is healed somewhat.
The gnoll barely misses you.
Your attacks no longer feel as feeble.
The gnoll barely misses you. The gnoll hits you but does no damage.
The gnoll hits you with a +0 flail.
The gnoll bouda hits you with a +0 whip!
You block the gnoll's attack.
You block the gnoll's attack. x2; The gnoll barely misses you.
You closely miss the gnoll. You completely miss the gnoll.
You hit the gnoll bouda. You slash the gnoll! You hit the gnoll.
The gnoll barely misses you. The gnoll hits you but does no damage.
You block the gnoll's attack.
The gnoll bouda hits you with a +0 whip.
The gnoll hits you with a +0 spear. The gnoll hits you with a +0 flail.
You slash the gnoll!
The gnoll is heavily wounded.
You hit the gnoll. You barely miss the gnoll.
You hit the gnoll but do no damage.
You hit the gnoll bouda but do no damage.
You block the gnoll's attack. The gnoll barely misses you.
You block the gnoll bouda's attack. The gnoll hits you with a +0 spear.
The gnoll hits you but does no damage. The gnoll barely misses you.
The gnoll hits you with a +0 whip.
The gnoll bouda hits you with a +0 whip.
The gnoll hits you with a +0 spear.
* * * LOW HITPOINT WARNING * * *
You barely miss the gnoll.
The gnoll is heavily wounded.
You closely miss the gnoll. You hit the gnoll. You slash the gnoll!
You hit the gnoll bouda.
The gnoll is no longer moving quickly.
You block the gnoll's attack. The gnoll closely misses you.
The gnoll hits you with a +0 whip.
* * * LOW HITPOINT WARNING * * *
The gnoll bouda hits you but does no damage.
A white imp comes into view.
The gnoll hits you with a +0 spear.
* * * LOW HITPOINT WARNING * * *
The gnoll hits you with a +0 flail.
* * * LOW HITPOINT WARNING * * *
The gnoll hits you with a +0 halberd!
You die...

...... #..............
5##....)##.##..#......†.
..#........##..#........
......>....##..#........
.......................
#..........#..........
#.....)...#........#.
#...gg....#........#.
....##@g.#.............
.......gg.#............#
.....................###
#............##.......
.........#.........
........##..... .##
....#.... .....
....#.... #.##


You could see a gnoll bouda, 4 gnolls and a white imp (wandering).

Vanquished Creatures
  A water moccasin (D:4)
  A phantom (D:5)
  A scorpion (D:4)
  2 hounds
  A jelly (D:4)
  An iguana (D:4)
  A gnoll (D:5)
  3 adders
  A shadow imp (D:5)
  A worm (D:4)
  3 dart slugs
  An orc (D:4)
  2 bats
  4 endoplasms
  2 giant cockroaches
  9 goblins
  8 hobgoblins
  5 jackals
  2 quokkas
  6 ball pythons
  2 frilled lizards (D:3)
  8 kobolds
  5 rats
70 creatures vanquished.

Notes
Turn   | Place    | Note
-------+----------+-------------------------------------------
     0 | D:1      | senseless the Demigod Fighter began the quest for the Orb.
     0 | D:1      | Reached XP level 1. HP: 18/18 MP: 3/3
   436 | D:1      | Reached XP level 2. HP: 25/25 MP: 4/4
  1087 | D:2      | Reached XP level 3. HP: 30/31 MP: 5/5
  1797 | D:3      | Reached XP level 4. HP: 38/38 MP: 6/6
  2790 | D:4      | Reached XP level 5. HP: 32/45 MP: 7/7
  3520 | D:5      | Entered Level 5 of the Dungeon
  3520 | D:5      | Noticed a water moccasin
  3540 | D:4      | Killed a water moccasin
  3541 | D:4      | Reached XP level 6. HP: 19/52 MP: 8/8
  3718 | D:5      | Slain by a gnoll

Illustrated notes

Levels and vault maps discovered:
D:1:      minmay_arrival_solitary_statue, layout_loops_ring
D:2:      layout_basic, basic_altar, shapermc_ecumenical_altar_pompeii,
          minivault_26, minmay_pentomino_x2
D:3:      layout_basic, overflow_temple_1_default, nicolae_titane
D:4:      layout_loops_ring
D:5:      layout_cave_pools

Skill      XL: |  1  2  3  4  5 |
---------------+----------------+-----
Axes           | 2 3 |  3.6
Shields        | 3 4 |  4.2
Fighting       | 3 4 |  4.2
Armour         | 3 4 |  4.1

Action                     |  1- 3 |  4- 6 || total
---------------------------+-------+-------++-------
  Melee: War axe           |    84 |   139 ||   223
    Use: Scroll            |     5 |     5 ||    10
         Potion            |     3 |     2 ||     5
 Armour: Scale mail        |    55 |    39 ||    94
         Ring mail         |       |    66 ||    66
  Dodge: Dodged            |    25 |    49 ||    74
  Block: Buckler           |     9 |       ||     9
         Tower shield      |    35 |   130 ||   165

Table legend: (Time is in decaauts)
 A = Elapsed time spent in this place.
 B = Non-inter-level travel time spent in this place.
 C = Inter-level travel time spent in this place.
 D = Time resting spent in this place.
 E = Time spent auto-exploring this place.
 F = Levels seen in this place.
 G = Mean time per level.
                   A        B        C        D        E       F      G
               +--------+--------+--------+--------+--------+-----+--------+
         Total |   3837 |   3738 |     99 |    259 |   2790 |   5 |  767.4 |
       Dungeon |   3837 |   3738 |     99 |    259 |   2790 |   5 |  767.4 |
               +--------+--------+--------+--------+--------+-----+--------+

Top non-repeatable levels by time:
     D:4: 1047 daAuts
     D:3: 972 daAuts
     D:2: 870 daAuts
     D:1: 869 daAuts
     D:5: 76 daAuts
